 Dungeon Crawl Stone Soup version 0.24.0-13-gcf9b319 (webtiles) character file.

Game seed: 12772265417774714354, levelgen mode: deterministic

14114 silenth the Grappler (level 11, -7/87 HPs)
             Began as a Vampire Fighter on May 8, 2020.
             Was an Elder of Yredelemnul.
             Mangled by a minotaur
             ... wielding the cursed +2 dagger "Yficodgho" {speed, Str+5}
              (18 damage)
             ... in a Gauntlet.
             The game lasted 00:20:05 (10697 turns).

silenth the Grappler (Vampire Fighter)             Turns: 10697, Time: 00:20:05

Health: -7/87      AC: 17    Str: 26    XL:     11   Next: 84%
Magic:  13/13      EV:  7    Int: 12    God:    Yredelemnul [****..]
Gold:   636        SH: 22    Dex: 16    Spells: 10/10 levels left

rFire    + . .     SeeInvis +     - Unarmed
rCold    x . .     Gourm    .   w - +5 large shield
rNeg     . . .     Faith    .   Q - +3 plate armour
rPois    +         Spirit   .   (no helmet)
rElec    +         Reflect  .   B - +0 cloak
rCorr    .         Harm     .   S - +0 pair of gloves of Shadows and Fog {rElec rC- Regen+} (curse)
MR       ++...     NoTele   +   (no boots)
Stlth    ..........             s - amulet of the acrobat
HPRegen  0.84/turn              y - ring "Jafez" {MR+ Str+3 Dex+3}
MPRegen  0.13/turn              R - +5 ring of strength

@: very slightly contaminated, regenerating quickly, hasted, invisible, very
quick
A: no food, fangs 3, see invisible, fire resistance 1, low mp 1, poison
resistance, wild magic 1, unbreathing
a: Exsanguinate, Recall Undead Slaves, Injury Mirror, Animate Dead, Drain Life,
Renounce Religion


You were in a Gauntlet.
You worshipped Yredelemnul.
Yredelemnul was greatly pleased with you.
You were alive.

You visited 2 branches of the dungeon, and saw 13 of its levels.
You also visited: Sewer and Gauntlet.

You collected 636 gold pieces.

Inventory:

Missiles
 m - 6 silver boomerangs (quivered)
 q - 5 boomerangs
 t - 2 throwing nets
 x - 34 poisoned darts
 H - 7 atropa-tipped darts
 P - 8 javelins
Armour
 a - a +0 scale mail
 b - a +1 shield
 o - a +3 leather armour
 w - a +5 large shield (worn)
 B - a +0 cloak (worn)
 J - +0 acid dragon scales
 Q - a +3 plate armour (worn)
 S - the cursed +0 pair of gloves of Shadows and Fog (worn) {rElec rC- Regen+}
   (You found it in a Gauntlet)

   It makes you vulnerable to cold.
   It insulates you from electricity.
   It increases your rate of regeneration.
   It has a curse placed upon it.
Jewellery
 i - an uncursed amulet of harm
 j - an uncursed ring of protection from fire
 k - an uncursed ring of protection from magic
 p - an uncursed ring of ice
 s - an amulet of the acrobat (around neck)
 v - an uncursed ring of flight
 y - the ring "Jafez" (left hand) {MR+ Str+3 Dex+3}
   (You found it on level 6 of the Dungeon)

   [ring of protection from magic]

   It affects your strength (+3).
   It affects your dexterity (+3).
   It affects your resistance to hostile enchantments.
 A - a +3 ring of protection
 N - an uncursed ring of ice
 R - a +5 ring of strength (right hand)
Wands
 e - a wand of digging (11)
 n - a wand of paralysis (3)
 u - a wand of flame (36)
 C - a wand of iceblast (6)
 L - a wand of acid (8)
Scrolls
 f - 2 scrolls of amnesia
 g - 4 scrolls of fog
 l - 11 scrolls of teleportation
 r - 9 scrolls of remove curse
 D - 3 scrolls of fear
 F - a scroll of blinking
 M - a scroll of torment
Potions
 c - 4 potions of brilliance
 d - 5 potions of mutation
 h - 4 potions of curing
 E - a potion of agility
 G - a potion of cancellation
 I - 3 potions of berserk rage
 O - a potion of heal wounds


   Skills:
 + Level 8.5 Fighting
 + Level 5.2 Armour
 + Level 6.2 Dodging
 - Level 4.0 Stealth
 + Level 6.9 Shields
 + Level 12.6 Unarmed Combat
 + Level 5.3 Invocations
 - Level 2.0 Evocations


You had 10 spell levels left.
You didn't know any spells.
Your spell library contained the following spells:

 Spells                   Type           Power        Failure   Level  Hunger
 Animate Skeleton         Necr           N/A          100%        1    N/A
 Pain                     Necr           #...         100%        1    N/A
 Regeneration             Chrm/Necr      #.........   100%        3    N/A
 Vampiric Draining        Necr           #.........   100%        3    N/A
 Animate Dead             Necr           N/A          100%        4    N/A

Dungeon Overview and Level Annotations

Branches:
Dungeon (12/15)            Temple (1/1) D:7            Lair (0/6) D:10
    Orc (0/2) D:9           Sewer (visited)         Gauntlet (1/1)

Altars:
Ashenzari
Cheibriados
Dithmenos
Elyvilon
Fedhas
Gozag
Hepliaklqana
Kikubaaqudgha
Makhleb
Nemelex Xobeh
Okawaru
Qazlal
Ru
Sif Muna
Trog
Uskayaw
Vehumet
Wu Jian
Xom
Yredelemnul
Zin
The Shining One

Shops:
D:7 *   D:11 (

Annotations:
D:10 2 transporters, BlaiseRascal's ghost, journeyman BaIE Gauntlet 4 transporters


Innate Abilities, Weirdness & Mutations

You do not eat.
Your natural rate of healing is unusually fast.
You have razor-sharp teeth.
You have supernaturally acute eyesight. (SInv)
You can survive without breathing.
Your flesh is heat resistant. (rF+)
Your magical capacity is low. (-10% MP)
Your system is resistant to poisons. (rPois)
Your spells are a little harder to cast, but a little more powerful.


Message History

You remove your ring of ice.
y - the ring "Jafez" (left hand) {MR+ Str+3 Dex+3} The minotaur throws a silver javelin.
The silver javelin pierces through you. The silver sears you!
You block the minotaur's attack. The minotaur gores you.
You catch the helpless minotaur completely off-guard!
You punch the minotaur!
The minotaur is moderately wounded.
The minotaur barely misses you. The minotaur gores you.
You hit the minotaur.
The minotaur is moderately wounded.
You block the minotaur's attack.
The minotaur gores you but does no damage.
You feel yourself speed up.
The minotaur hits you with the cursed +2 dagger "Yficodgho" {speed, Str+5}!!
* * * LOW HITPOINT WARNING * * *
You block the minotaur's attack.
The minotaur hits you with the cursed +2 dagger "Yficodgho" {speed, Str+5}!!
You die...
Yredelemnul claims you as an undead slave.

▓§§§.............≈▓
▓▓▓▓▓▓▓▓▓.▓▓▓▓▓▓▓▓▓
▓▓▓▓▓.▓ ▓.....▓
░.░░░░░░░ ░.░.....░
░.░.░░░.░ ░.░.░H░.░
░.░.░@░.░ ░.░.░.░.░
░.░..(░.░ ░.░░░░░.░
░.......░ ░░░░░░░░░


You could see a minotaur.

Vanquished Creatures
  Harold (D:9)
  A hydra (D:12)
  A two-headed ogre (D:10)
  A mana viper (shapeshifter) (Gauntlet)
  A cyclops (D:8)
  Maurice (D:9)
  A worldbinder (Gauntlet)
  Joseph (D:9)
  An ice devil (Gauntlet)
  Prince Ribbit (D:9)
  Grinder (D:3)
  2 hippogriffs (D:11)
  10 yaks (D:11)
  Sigmund (D:3)
  2 wyverns
  4 shadows
  2 hungry ghosts
  An acid dragon (D:12)
  A water moccasin (D:11)
  A soldier ant (D:10)
  3 orc warriors
  3 sky beasts
  2 ice beasts
  2 phantoms
  4 ogres
  2 boggarts (Gauntlet)
  5 centaurs
  A crocodile (D:11)
  6 bullfrogs
  A wyvern zombie (D:7)
  A water moccasin zombie (D:6)
  2 troll zombies (D:9)
  A wyvern skeleton (D:11)
  A water moccasin skeleton (D:11)
  3 scorpions
  20 killer bees
  3 centaur zombies
  A howler monkey (D:6)
  6 crimson imps
  A bullfrog zombie (D:6)
  A jelly (D:5)
  6 hounds
  A bullfrog skeleton (D:9)
  9 orc priests
  8 orc wizards
  3 centaur skeletons
  3 iguanas
  Ijyb (D:3)
  6 worker ants
  6 ogre zombies (D:9)
  3 hound zombies (D:6)
  3 worker ant zombies
  4 gnolls (D:4)
  2 river rats (D:3)
  8 adders
  A howler monkey skeleton (D:6)
  A shadow imp (D:6)
  3 white imps (Gauntlet)
  2 oozes
  2 adder skeletons
  2 worms
  3 dart slugs (D:1)
  7 leopard geckos
  26 orcs
  2 ball pythons
  3 giant cockroaches
  7 hobgoblins
  3 jackals (D:9)
  2 quokkas
  9 bats
  9 frilled lizards
  6 goblins
  A goblin skeleton (D:9)
  2 goblin zombies (D:9)
  A hobgoblin zombie (D:9)
  A jackal skeleton (D:6)
  6 kobolds
  2 leopard gecko skeletons
  2 orc skeletons (D:9)
  16 orc zombies (D:9)
  A quokka zombie (D:6)
  9 rats
296 creatures vanquished.

Vanquished Creatures (collateral kills)
  A hungry ghost (D:9)
  An orc warrior (D:11)
  A scorpion (D:9)
  2 killer bees
  An orc wizard (D:11)
  A bullfrog skeleton (D:11)
  An adder (D:9)
  2 orcs (D:11)
  A hobgoblin skeleton (D:9)
  2 orc zombies (D:9)
13 creatures vanquished.

Vanquished Creatures (others)
  A human zombie (D:9)
  A hippogriff zombie (D:11)
  4 yak zombies (D:11)
  3 killer bee zombies (D:11)
  An orc zombie (D:10)
  5 withered plants (Gauntlet)
15 creatures vanquished.

Grand Total: 324 creatures vanquished

Notes
Turn   | Place    | Note
-------+----------+-------------------------------------------
     0 | D:1      | silenth the Vampire Fighter began the quest for the Orb.
     0 | D:1      | Reached XP level 1. HP: 17/17 MP: 1/1
   246 | D:1      | Reached XP level 2. HP: 10/23 MP: 2/2
   349 | D:1      | Reached skill level 3 in Unarmed Combat
   367 | D:1      | Reached skill level 3 in Fighting
   665 | D:2      | Reached XP level 3. HP: 23/29 MP: 3/3
   944 | D:2      | Reached skill level 4 in Unarmed Combat
  1300 | D:3      | Reached XP level 4. HP: 31/35 MP: 4/4
  1365 | D:3      | Noticed Grinder
  1365 | D:3      | Noticed Ijyb
  1365 | D:3      | Paralysed by Grinder for 2 turns
  1373 | D:3      | Noticed Sigmund
  1374 | D:3      | Killed Grinder
  1374 | D:3      | Reached skill level 4 in Fighting
  1374 | D:3      | Reached skill level 5 in Unarmed Combat
  1374 | D:3      | Reached XP level 5. HP: 34/42 MP: 5/5
  1380 | D:3      | Reached XP level 6. HP: 25/48 MP: 6/6
  1381 | D:3      | Gained mutation: Your system is resistant to poisons.
                  | (rPois) [potion of mutation]
  1381 | D:3      | Gained mutation: Your flesh is heat resistant. (rF+)
                  | [potion of mutation]
  1381 | D:3      | Gained mutation: Your magical capacity is low. (-10% MP)
                  | [potion of mutation]
  1381 | D:3      | Gained mutation: Your spells are a little harder to cast,
                  | but a little more powerful. [potion of mutation]
  1384 | D:3      | Paralysed by Ijyb for 5 turns
  1391 | D:3      | Killed Ijyb
  1391 | D:3      | Reached skill level 6 in Unarmed Combat
  1395 | D:3      | HP: 3/48 [Sigmund/magic dart (7)]
  1396 | D:3      | Killed Sigmund
  1401 | D:3      | HP: 4/49 [poisoned by a scorpion]
  1680 | D:3      | Found a glowing drain.
  1688 | Sewer    | Entered a sewer
  1910 | Sewer    | Reached XP level 7. HP: 52/55 MP: 6/6
  1928 | Sewer    | Reached skill level 7 in Unarmed Combat
  3000 | D:3      | Reached skill level 5 in Fighting
  3181 | D:4      | Reached skill level 1 in Dodging
  3591 | D:4      | Found a shimmering altar of Xom.
  3648 | D:5      | Entered Level 5 of the Dungeon
  3850 | D:5      | Reached skill level 8 in Unarmed Combat
  4030 | D:5      | Reached skill level 3 in Armour
  4030 | D:5      | Reached XP level 8. HP: 58/62 MP: 7/7
  4136 | D:5      | Reached skill level 2 in Dodging
  4719 | D:6      | Reached skill level 3 in Shields
  4720 | D:6      | Found a shimmering blue altar of Sif Muna.
  4760 | D:6      | Reached skill level 3 in Dodging
  4801 | D:6      | Reached skill level 9 in Unarmed Combat
  5050 | D:6      | Got a translucent brass ring
  5052 | D:6      | Identified the ring "Jafez" {MR+ Str+3 Dex+3} (You found it
                  | on level 6 of the Dungeon)
  5116 | D:6      | Reached skill level 6 in Fighting
  5193 | D:6      | Reached XP level 9. HP: 26/69 MP: 8/8
  5527 | D:6      | Reached skill level 4 in Shields
  5588 | D:7      | Reached skill level 10 in Unarmed Combat
  5603 | D:7      | Found Pziasup's Practical Paraphernalia.
  5695 | D:7      | Found a staircase to the Ecumenical Temple.
  5858 | Temple   | Entered the Ecumenical Temple
  6033 | Temple   | Became a worshipper of Yredelemnul the Dark
  6206 | D:7      | Reached skill level 1 in Stealth
  6247 | D:7      | Reached skill level 1 in Invocations
  6264 | D:7      | Reached skill level 2 in Stealth
  6450 | D:7      | Reached skill level 3 in Stealth
  6465 | D:7      | Reached * piety under Yredelemnul
  6846 | D:8      | Reached skill level 2 in Invocations
  6945 | D:8      | Reached skill level 4 in Stealth
  7138 | D:8      | Reached skill level 7 in Fighting
  7142 | D:8      | Noticed a cyclops
  7144 | D:8      | Reached skill level 5 in Shields
  7153 | D:8      | Killed a cyclops
  7153 | D:8      | Reached skill level 11 in Unarmed Combat
  7153 | D:8      | Reached XP level 10. HP: 73/79 MP: 10/10
  7695 | D:9      | Noticed Harold
  7709 | D:9      | Killed Harold
  7709 | D:9      | Reached skill level 3 in Invocations
  7709 | D:9      | Reached skill level 1 in Evocations
  7890 | D:9      | Found a staircase to the Orcish Mines.
  7915 | D:9      | Reached ** piety under Yredelemnul
  7920 | D:9      | Your ally Harold died
  7983 | D:9      | Noticed Maurice
  8003 | D:9      | Killed Maurice
  8126 | D:9      | Noticed Prince Ribbit
  8127 | D:9      | Noticed Joseph
  8136 | D:9      | Killed Prince Ribbit
  8151 | D:9      | Killed Joseph
  8151 | D:9      | Reached skill level 4 in Dodging
  8151 | D:9      | Reached skill level 2 in Evocations
  8308 | D:10     | Entered Level 10 of the Dungeon
  8429 | D:10     | Noticed a two-headed ogre
  8442 | D:10     | Killed a two-headed ogre
  8442 | D:10     | Reached skill level 4 in Armour
  8442 | D:10     | Reached skill level 12 in Unarmed Combat
  8641 | D:10     | Reached *** piety under Yredelemnul
  8641 | D:10     | Noticed a sea snake
  8642 | D:10     | a sea snake changed into a swamp worm
  8642 | D:10     | Noticed BlaiseRascal's ghost (journeyman BaIE)
  8648 | D:10     | Found a transporter.
  8651 | D:10     | Found a transporter.
  8651 | D:10     | Noticed a glowing shapeshifter
  8651 | D:10     | a swamp worm changed into a glowing shapeshifter
  8652 | D:10     | a glowing shapeshifter changed into a swamp worm
  8704 | D:10     | Found a staircase to the Lair.
  8733 | D:10     | Reached skill level 4 in Invocations
  8733 | D:10     | Reached XP level 11. HP: 84/85 MP: 12/12
  8837 | D:10     | Reached skill level 6 in Shields
  9278 | D:11     | Reached skill level 5 in Dodging
  9335 | D:11     | Found Wiyguemat's Antique Weapon Shoppe.
  9376 | D:11     | Reached skill level 8 in Fighting
  9914 | D:11     | Reached **** piety under Yredelemnul
 10127 | D:12     | Noticed a four-headed hydra
 10139 | D:12     | Killed a four-headed hydra
 10139 | D:12     | Reached skill level 5 in Armour
 10139 | D:12     | Reached skill level 5 in Invocations
 10154 | D:12     | Found a gate leading to a gauntlet.
 10236 | Gauntlet | Entered a Gauntlet
 10236 | Gauntlet | Found a transporter.
 10236 | Gauntlet | Found a transporter.
 10236 | Gauntlet | Found a transporter.
 10237 | Gauntlet | Found a transporter.
 10240 | Gauntlet | Found a transporter.
 10250 | Gauntlet | Found a transporter.
 10251 | Gauntlet | Identified the cursed +3 morningstar of Fedhas {freeze,
                  | +Fly Int+3 SInv}
 10315 | Gauntlet | Found a transporter.
 10331 | Gauntlet | Found a transporter.
 10340 | Gauntlet | Found a transporter.
 10354 | Gauntlet | Found a transporter.
 10365 | Gauntlet | Found a transporter.
 10371 | Gauntlet | Found a transporter.
 10397 | Gauntlet | Noticed a death drake
 10397 | Gauntlet | a yaktaur changed into a death drake
 10402 | Gauntlet | a death drake changed into a jumping spider
 10526 | Gauntlet | Got a pair of fine gloves
 10528 | Gauntlet | Noticed a glowing orange brain
 10537 | Gauntlet | Identified the cursed +0 pair of gloves of Shadows and Fog
                  | {rElec rC- Regen+} (You found it in a Gauntlet)
 10556 | Gauntlet | Noticed a death scarab
 10556 | Gauntlet | Noticed a death scarab
 10556 | Gauntlet | Noticed a death scarab
 10556 | Gauntlet | Reached skill level 6 in Dodging
 10626 | Gauntlet | Noticed a mana viper
 10638 | Gauntlet | Killed a mana viper
 10683 | Gauntlet | Identified the cursed +2 dagger "Yficodgho" {speed, Str+5}
 10683 | Gauntlet | Identified the ring "Xoeph" {rN+ Dex+2}
 10683 | Gauntlet | Noticed a minotaur
 10697 | Gauntlet | Mangled by a minotaur

Levels and vault maps discovered:
D:1:      dpeg_arrival_circle_labyrinth_c, layout_rooms
D:2:      layout_basic
D:3:      layout_loops_ring, gup_sewer_entry_bubbles, uniq_sigmund,
          uniq_grinder, uniq_ijyb
D:4:      layout_gridville, tgw_xom, first_ration
D:5:      layout_basic
D:6:      layout_loops_ring, basic_altar, serial_undead, serial_undead_d,
          serial_undead_b, serial_undead_d, serial_undead_a
D:7:      layout_loops_ring, temple_hall, grunt_ogre_cave,
          nicolae_alphabet_shops
D:8:      minmay_chambers_of_sixes, layout_basic
D:9:      layout_cave_pools, zombieorc2_lemuel, chequers_serial_rivers_room_b,
          uniq_maurice, uniq_harold, uniq_prince_ribbit1, uniq_joseph
D:10:     layout_roguey, lair_entry_dummy, gammafunk_ghost_arena,
          hangedman_abyss_or_decor_lesser_grid
D:11:     layout_roguey, serial_shops, shop, grunt_decor_cap
D:12:     layout_rooms, serial_shops,
          nicolae_shop_temple_entry_statues_fountains, gauntlet_entry_generic,
          uniq_frances
Temple:   minmay_crystal_snake_temple
Gauntlet: gammafunk_gauntlet_shortcut [gammafunk_gauntlet_arena_teeth,
          nicolae_gauntlet_arena_quarters, gammafunk_gauntlet_arena_corners,
          gammafunk_gauntlet_arena_split_x,
          gammafunk_gauntlet_arena_arrow_garden,
          gammafunk_gauntlet_arena_split_diamond, gauntlet_exit_spiral]

Skill      XL: |  1  2  3  4  5  6  7  8  9 10 11 |
---------------+----------------------------------+-----
Unarmed Combat | 3 4 5 6 8 9 11 12 | 12.6
Fighting       | 3 4 5 6 7 8 |  8.5
Dodging        | 1 3 4 6 |  6.2
Armour         | 3 4 5 |  5.2
Shields        | 3 5 6 |  6.9
Stealth        | 4 |  4.0
Invocations    | 2 4 5 |  5.3
Evocations     | 2 |  2.0

Action                   |  1- 3 |  4- 6 |  7- 9 | 10-12 || total
-------------------------+-------+-------+-------+-------++-------
Melee: Unarmed           |   155 |    91 |   537 |   556 ||  1339
       Bite              |    13 |     8 |    69 |   100 ||   190
       Punch             |       |       |     1 |       ||     1
Throw: Boomerang         |       |       |     5 |       ||     5
Invok: Animate Remains   |       |       |       |     5 ||     5
       Animate Dead      |       |       |       |     6 ||     6
Evoke: Wand              |       |       |       |     3 ||     3
  Use: Scroll            |     8 |     3 |     6 |    14 ||    31
       Potion            |       |     2 |     5 |     2 ||     9
 Stab: Invisible         |       |       |     1 |     1 ||     2
       Sleeping          |       |       |     2 |     7 ||     9
       Distracted        |       |       |       |     1 ||     1
Armor: Scale mail        |    56 |    40 |    44 |       ||   140
       Leather armour    |       |       |    64 |    64 ||   128
       Skin              |       |       |     9 |       ||     9
       Plate armour      |       |       |       |    47 ||    47
Dodge: Dodged            |    46 |    23 |   109 |   118 ||   296
Block: Shield            |    68 |    51 |    91 |       ||   210
       Large shield      |       |       |   199 |   530 ||   729
